 Dungeon Crawl Stone Soup version 0.30.1-11-g7821555f0a (webtiles) character file.

Game seed: 17650091964202388585

408 bmb222 the Sneak (level 6, -1/50 HPs)
             Began as a Demonspawn Delver on Dec 6, 2023.
             Slain by an orc
             ... wielding a +0 flail
              (2 damage)
             ... on level 5 of the Dungeon.
             The game lasted 00:05:13 (3257 turns).

bmb222 the Sneak (Demonspawn Delver)                Turns: 3257, Time: 00:05:14

Health: -1/50      AC: 14    Str: 19    XL:     6   Next: 57%
Magic:  0/6        EV:  8    Int: 10    God:
Gold:   202        SH:  4    Dex: 13    Spells: 5/5 levels left

rFire   + . .        a - +0 spear
rCold   + . .        y - +0 buckler
rNeg    . . .        v - +0 chain mail
rPois   +            i - +0 helmet
rElec   +            (no cloak)
rCorr   +            s - +0 pair of gloves
SInv    .            k - +0 pair of boots
Will    +....        h - amulet of regeneration Stlth
                     (no ring)
HPRegen 1.08/turn    (no ring)
MPRegen 0.20/turn

%: guardian spirit
@: brilliant, lethally poisoned (-1 -> -1), about to teleport, resistant,
flying, hasted, very quick
A: hooves 1, rugged brown scales 2, magic shield, magic regeneration,
strong-willed 1, strong 1
a: no special abilities


You were on level 5 of the Dungeon.
You visited 1 branch of the dungeon, and saw 5 of its levels.

You collected 202 gold pieces.

Inventory:

Hand Weapons
 a - a +0 spear (weapon)
 d - a +3 short sword
Armour
 b - a +0 leather armour
 i - a +0 helmet (worn)
 j - a +0 ring mail
 k - a +0 pair of boots (worn)
 s - a +0 pair of gloves (worn)
 v - a +0 chain mail (worn)
 y - a +0 buckler (worn)
Jewellery
 h - an amulet of regeneration (around neck)
 l - a ring of protection from fire
 o - a ring of resist corrosion
 r - an amulet of guardian spirit
Wands
 g - a wand of digging (3)
 n - a wand of quicksilver (1)
Scrolls
 c - 2 scrolls of fog
 e - 5 scrolls of identify {unknown}
 m - a scroll of poison
 u - a scroll of teleportation
 w - 2 scrolls of immolation {unknown}
 x - a scroll of magic mapping
 B - a scroll of enchant weapon {unknown}
Potions
 q - 3 potions of brilliance


   Skills:
 + Level 3.9 Fighting
 + Level 4.3 Polearms
 + Level 2.2 Armour
 + Level 2.1 Dodging
 + Level 5.2 Stealth
 + Level 1.3 Shields
 + Level 0.4 Evocations


You had 5 spell levels left.
You didn't know any spells.
Your spell library contained the following spells:

 Spells                   Type           Power      Damage    Failure   Level
 Poisonous Vapours        Pois/Air       0%         N/A       100%        2
 Petrify                  Tmut/Erth      0%         N/A       100%        4
 Statue Form              Tmut/Erth      0%         N/A       100%        6
 Necromutation            Tmut/Necr      0%         N/A       100%        8


Dungeon Overview and Level Annotations

Branches:
Dungeon (5/15)
 Temple: D:4-7

Altars:
Ashenzari
Makhleb
Ru
Vehumet

Shops:
D:4 (


Innate Abilities, Weirdness & Mutations

You have large cloven feet.
You are mostly covered in rugged brown scales. (AC +2, +5% HP)
When hurt, damage is shared between your health and your magic reserves.
You regenerate magic rapidly.
You are strong-willed. (Will+)
Your muscles are strong. (Str +4, Int/Dex -1)


Message History

You block the orc's attack. Something hits you but does no damage.
The orc priest closely misses you.
You hit something.
Reactivating autopickup.
You feel a bit more experienced.
You feel very sick.
You feel very sick.
Things that are here:
a +0 dagger; a +0 robe You feel very sick.
You feel very sick.
You feel sick. You block the orc's attack.
You closely miss the orc.
You feel sick.
You hit the orc but do no damage.
You feel sick. The orc hits you with a +0 flail.
* * * LOW HITPOINT WARNING * * *
Unknown command.
It was a potion of brilliance.
You feel clever all of a sudden.
You feel sick. The orc hits you but does no damage.
It was a potion of mutation.
You feel extremely strange.
You feel strong-willed.
You feel stronger.
You feel sick.
The air fills with toxic fumes!
As you read the scroll labelled ISEMIGR FYIBUL, it crumbles to dust.
It was a scroll of poison.
You feel sick. The orc completely misses you.
As you read the scroll labelled WICADASTU, it crumbles to dust.
You feel strangely unstable.
It was a scroll of teleportation.
You feel sick. The orc hits you with a +0 flail.
* * * LOW HITPOINT WARNING * * *
The orc priest looks satisfied for a moment.
You feel sick. The orc hits you with a +0 flail.
* * * LOW HITPOINT WARNING * * *
Unknown command.
It was a potion of resistance.
You feel protected.
It was a potion of flight.
You feel very buoyant.
You fly up into the air.
You feel sick. The orc hits you with a +0 flail.
You die...

****,*,***,*
#........†....# *
,,,,,,,* *,*
#§§######.#####
****,,,***,* #§§#
#.# ****,,,** #§§#
#.# ***** ##§.#
#.# #O§.# #.#
#o#.# #.# #o#.#
*.#****** #@#.#
*,**,,,,, #§#.#
*,**,**** #§#.#
****,**,* #§#.#
*,,,,**,* #§#,*
*,*****,**** #§#,*
*,*,,,,,,,,, #§#,*
*,*,***,***,
#§#,***,*,* *,*,*,
#..,,**,*,***,,*,,


You could see an ogre, an orc priest and an orc.

Vanquished Creatures
  Edmund (D:3)
  A scorpion (D:4)
  A hound (D:5)
  An iguana (D:4)
  2 orc wizards
  4 adders
  2 worms (D:2)
  2 dart slugs
  6 orcs
  7 endoplasms
  3 giant cockroaches
  4 goblins
  7 hobgoblins
  3 jackals (D:3)
  4 quokkas
  5 ball pythons
  7 bats
  A frilled lizard (D:3)
  3 kobolds
  6 rats
70 creatures vanquished.

Notes
Turn   | Place    | Note
-------+----------+-------------------------------------------
     0 | D:5      | bmb222 the Demonspawn Delver began the quest for the Orb.
     0 | D:5      | Reached XP level 1. HP: 18/18 MP: 1/1
    75 | D:5      | Noticed a sleepcap
   103 | D:5      | Noticed a hound
   124 | D:5      | Noticed an ogre
   300 | D:3      | Gained mutation: You are partially covered in rugged brown
                  | scales. (AC +1, +3% HP) [demonic ancestry]
   300 | D:3      | Reached XP level 2. HP: 18/24 MP: 2/2
   396 | D:3      | Reached skill level 5 in Stealth
   430 | D:3      | Gained mutation: You are mostly covered in rugged brown
                  | scales. (AC +2, +5% HP) [demonic ancestry]
   430 | D:3      | Reached XP level 3. HP: 15/30 MP: 3/3
   624 | D:3      | Identified the +6 hand axe of Waus {pain, rF+ Str+2 Int+2}
   693 | D:3      | Gained mutation: You regenerate magic rapidly. [demonic
                  | ancestry]
   693 | D:3      | Reached XP level 4. HP: 36/36 MP: 4/4
   842 | D:3      | Found a broken altar of Ashenzari.
   842 | D:3      | Found a burning altar of Makhleb.
   843 | D:3      | Found a sacrificial altar of Ru.
  1012 | D:2      | Got the Octavo of the Eternal Void
  1568 | D:2      | Reached skill level 1 in Armour
  2794 | D:4      | Noticed Edmund
  2855 | D:5      | Gained mutation: When hurt, damage is shared between your
                  | health and your magic reserves. [demonic ancestry]
  2855 | D:5      | Reached XP level 5. HP: 41/43 MP: 5/5
  2885 | D:4      | Found Beucw's Weapon Shoppe.
  2988 | D:3      | Killed Edmund
  2989 | D:3      | Reached skill level 1 in Shields
  2989 | D:3      | Gained mutation: You have large cloven feet. [demonic
                  | ancestry]
  2989 | D:3      | Reached XP level 6. HP: 33/50 MP: 6/6
  3049 | D:4      | Found a radiant altar of Vehumet.
  3252 | D:5      | Gained mutation: You are strong-willed. (Will+) [potion of
                  | mutation]
  3252 | D:5      | Gained mutation: Your muscles are strong. (Str +4, Int/Dex
                  | -1) [potion of mutation]
  3255 | D:5      | HP: 1/50 [orc/+0 flail (2)]
  3257 | D:5      | Slain by an orc

Illustrated notes

Levels and vault maps discovered:
D:1:      pf_arrival_petrified_forest, layout_loops_corners, due_unseen_surprise
D:2:      layout_loops_ring, minmay_door_square
D:3:      layout_loops_ring, gammafunk_temple_overflow_claw
D:4:      layout_basic, vehumet_crystals, serial_shops, shop, uniq_edmund
D:5:      layout_loops_ring, grunt_decor_one_mirror

Skill      XL: |  1  2  3  4  5 |
---------------+----------------+-----
Polearms       | 2 3 4 |  4.3
Stealth        | 5 |  5.2
Dodging        | 2 |  2.1
Armour         | 1 2 |  2.2
Shields        | 1 |  1.3
Fighting       | |  3.9
Evocations     | |  0.4

Action                     |  1- 3 |  4- 6 || total
---------------------------+-------+-------++-------
  Melee: Spear             |    96 |   275 ||   371
         Punch             |       |     1 ||     1
  Evoke: Wand              |       |     6 ||     6
    Use: Scroll            |     2 |     2 ||     4
         Potion            |       |     7 ||     7
   Stab: Sleeping          |    12 |     2 ||    14
 Armour: Leather armour    |    23 |       ||    23
         Chain mail        |       |   138 ||   138
         Ring mail         |       |     7 ||     7
  Dodge: Dodged            |    50 |    72 ||   122
  Block: Buckler           |       |    33 ||    33
